 Dungeon Crawl Stone Soup version 0.21.1-1-g345015f (webtiles) character file.

1534 letownia2 the Magician (level 8, 0/45 HPs)
             Began as a Gargoyle Wizard on Feb 13, 2018.
             Killed from afar by an orc wizard (5 damage)
             ... with a magic dart
             ... on level 6 of the Dungeon.
             The game lasted 00:14:55 (1896 turns).

letownia2 the Magician (Gargoyle Wizard)            Turns: 1896, Time: 00:14:55

Health: 0/45       AC:  8    Str: 16    XL:     8   Next: 86%
Magic:  11/28      EV: 11    Int: 20    God:
Gold:   74         SH:  0    Dex: 11    Spells: 13/22 levels left

rFire    . . .     SeeInvis +   a - +10 long sword "Abierph" {freeze, Fragile Str+4 SInv}
rCold    . . .     Gourm    .   (no shield)
rNeg     + . .     Faith    .   i - +0 leather armour
rPois    ∞         Spirit   .   b - +0 hat
rElec    +         Reflect  .   (no cloak)
rCorr    .         Harm     .   (no gloves)
MR       .....                  (no boots)
Stlth    ++........             u - amulet of inaccuracy (curse)
HPRegen  0.15/turn              e - ring of magical power
MPRegen  0.21/turn              g - +3 ring of dexterity

@: no status effects
A: negative energy resistance 1, electricity resistance, unbreathing,
petrification resistance, rot immunity, AC +5
a: no special abilities


You were on level 6 of the Dungeon.
You were not hungry.

You visited 1 branch of the dungeon, and saw 6 of its levels.

You collected 74 gold pieces.

Inventory:

Hand Weapons
 a - the +10 long sword "Abierph" (weapon) {freeze, Fragile Str+4 SInv}
   (You found it on level 4 of the Dungeon)

   It has been specially enchanted to freeze those struck by it, causing extra
   injury to most foes and up to half again as much damage against particularly
   susceptible opponents.
   It can also slow down cold-blooded creatures.
   It affects your strength (+4).
   It lets you see invisible.
   It will be destroyed if unequipped.
 m - a +0 spear
 q - a +0 flail of holy wrath
 s - a +3 spear
 w - a +0 shortbow of velocity
 y - a +2 rapier of venom
Missiles
 x - 10 arrows
 G - a throwing net (quivered)
Armour
 b - a +0 hat (worn)
 i - a +0 leather armour (worn)
 E - a +0 ring mail
Jewellery
 e - a ring of magical power (left hand)
 g - a +3 ring of dexterity (right hand)
 r - an uncursed ring of ice
 u - a cursed amulet of inaccuracy (around neck)
Wands
 n - a wand of iceblast (14)
 A - a wand of polymorph (6)
Scrolls
 h - 5 scrolls of identify
 k - 2 scrolls of teleportation
 l - a scroll of immolation {unknown}
 o - 2 scrolls of remove curse {unknown}
 p - a scroll of magic mapping {unknown}
 v - a scroll of blinking
 C - a scroll of amnesia {unknown}
 D - a scroll of fog {unknown}
Potions
 f - a potion of heal wounds {unknown}
 j - 3 potions of curing {unknown}
 t - a potion of flight {unknown}
 z - 2 potions of lignification
 B - a potion of haste {unknown}
Books
 c - a book of Minor Magic

   Spells                             Type                      Level
   a - Magic Dart                     Conjuration                  1
   b - Blink                          Translocation                2
   c - Call Imp                       Summoning                    2
   d - Slow                           Hexes                        2
   e - Conjure Flame                  Conjuration/Fire             3
   f - Mephitic Cloud                 Conjuration/Poison/Air       3
Comestibles
 d - 4 rations
 F - 3 chunks of flesh


   Skills:
 - Level 2.7 Fighting
 - Level 2.3 Armour
 - Level 1.5 Dodging
 - Level 2.1 Stealth
 * Level 7.5 Spellcasting
 - Level 4.1 Conjurations
   Level 0.8 Summonings
 - Level 2.6 Translocations
 - Level 2.2 Fire Magic
 - Level 2.0 Air Magic
 - Level 2.2 Poison Magic


You had 13 spell levels left.
You knew the following spells:

 Your Spells              Type           Power        Failure   Level  Hunger
a - Magic Dart            Conj           ###.         1%          1    None
b - Blink                 Tloc           N/A          5%          2    None
c - Conjure Flame         Conj/Fire      ###.....     9%          3    None
e - Mephitic Cloud        Conj/Pois/Air  ###.....     10%         3    None


Dungeon Overview and Level Annotations

Branches:
Dungeon (6/15)
 Temple: D:4-7

Altars:


Innate Abilities, Weirdness & Mutations

You are resistant to torment.
Your stone body is resilient. (AC +5)
You are immune to poison.
You resist negative energy. (rN+)
You are resistant to electric shocks. (rElec)
You can survive without breathing.
You are immune to petrification.
You are immune to rotting.


Message History

Unknown command.
Casting: Magic Dart
Confirm with . or Enter, or press ? or * to list all spells.
Aiming: Magic Dart
Press: ? - help, Shift-Dir - straight line, f/p - orc wizard
Aim: an orc wizard, wielding a dagger and wearing a robe (almost dead)
The magic dart hits the orc wizard.
The orc wizard is almost dead.
The orc wizard closely misses you.
You riposte.
You hit the orc wizard. You freeze the orc wizard.
You kill the orc wizard!
Unknown command.
Unknown command.
Things that are here:
a dagger; a robe An orc wizard comes into view.
It is wielding a dagger.
The orc wizard shouts!
The orc wizard casts a spell at you. The magic dart hits you!
You die...

#........#
#........#
#........###
#.......... )...
####........#
...#
............##
...####
.............#
... ..#
##.....@.....# ..
#.###
.#...........##.#
#.##.
###..........#.#
#.(..
#..#######)).#
##.... #.. #.#.#
#..### ....
#.#.###.## #...
#.#..##(# o.##
#####.##.)..# #
#........)### #


You could see an orc wizard.

Vanquished Creatures
  An ice beast (D:5)
  A necrophage (D:6)
  2 ogres
  A centaur (D:5)
  A water moccasin zombie (D:5)
  A scorpion (D:4)
  A wight (D:5)
  A crimson imp (D:5)
  2 hounds
  3 orc priests
  Ijyb (D:4)
  2 centaur skeletons
  An iguana (D:5)
  A bullfrog skeleton (D:6)
  7 orc wizards
  5 worker ants
  An adder (D:3)
  6 gnolls
  A worm (D:3)
  2 leopard geckos
  11 orcs
  A ball python (D:2)
  A giant cockroach (D:4)
  A hobgoblin (D:3)
  A kobold (D:2)
  3 quokkas
  3 bats (D:2)
  A frilled lizard (D:5)
  A leopard gecko skeleton (D:4)
  2 rats
66 creatures vanquished.

Notes
Turn   | Place    | Note
-------+----------+-------------------------------------------
     0 | D:1      | letownia2 the Gargoyle Wizard began the quest for the Orb.
     0 | D:1      | Reached XP level 1. HP: 10/10 MP: 4/4
     0 | D:1      | Noticed a centaur
     1 | D:1      | Noticed a formicid
     3 | D:1      | Noticed a human
     5 | D:1      | Noticed a draconian
    11 | D:1      | Noticed a ghoul
    13 | D:1      | Noticed a gargoyle
    14 | D:1      | Noticed an elf
    15 | D:1      | Noticed a troll
    17 | D:1      | Noticed a human
    17 | D:1      | Noticed an ogre
    17 | D:1      | Noticed a minotaur
    19 | D:1      | Noticed an elf
    21 | D:1      | Noticed a gargoyle
   275 | D:3      | Reached XP level 2. HP: 15/15 MP: 6/6
   294 | D:4      | Noticed a scorpion
   449 | D:3      | Reached XP level 3. HP: 19/19 MP: 6/7
   469 | D:3      | Learned a level 3 spell: Mephitic Cloud
   473 | D:3      | Learned a level 3 spell: Conjure Flame
   489 | D:3      | Reached XP level 4. HP: 24/24 MP: 0/8
   606 | D:4      | Reached skill level 1 in Fire Magic
   606 | D:4      | Reached skill level 1 in Poison Magic
   645 | D:4      | Reached skill level 1 in Air Magic
   645 | D:4      | Reached XP level 5. HP: 20/28 MP: 0/9
   649 | D:4      | Learned a level 2 spell: Blink
   769 | D:4      | Reached skill level 1 in Translocations
   781 | D:5      | Entered Level 5 of the Dungeon
   898 | D:5      | Noticed a centaur
   912 | D:5      | Killed a centaur
   912 | D:5      | Reached XP level 6. HP: 30/33 MP: 2/10
  1021 | D:4      | Reached skill level 1 in Fighting
  1103 | D:4      | Reached XP level 7. HP: 25/38 MP: 8/12
  1120 | D:4      | Got a slimy long sword
  1127 | D:4      | Reached skill level 1 in Armour
  1168 | D:4      | Noticed Ijyb
  1179 | D:4      | Killed Ijyb
  1362 | D:4      | Identified the +10 long sword "Abierph" {freeze, Fragile Str+4 SInv} (You found it on level 4 of the Dungeon)
  1374 | D:5      | Reached skill level 4 in Spellcasting
  1609 | D:5      | Reached XP level 8. HP: 38/45 MP: 15/15
  1679 | D:6      | Reached skill level 5 in Spellcasting
  1807 | D:6      | Reached skill level 6 in Spellcasting
  1839 | D:6      | Reached skill level 7 in Spellcasting
  1896 | D:6      | Killed from afar by an orc wizard

Skill      XL: |  1  2  3  4  5  6  7  8 |
---------------+-------------------------+-----
Conjurations   | 2 3 4 |  4.1
Fire Magic     | 1 2 |  2.2
Poison Magic   | 1 2 |  2.2
Air Magic      | 1 2 |  2.0
Translocations | 1 2 |  2.6
Fighting       | 1 2 |  2.7
Armour         | 2 |  2.3
Spellcasting   | 4 7 |  7.5
Dodging        | |  1.5
Stealth        | |  2.1
Summonings     | |  0.8

Action                   |  1- 3 |  4- 6 |  7- 9 || total
-------------------------+-------+-------+-------++-------
Melee: Spear             |       |    35 |       ||    35
       Rapier            |       |     5 |    16 ||    21
       Long sword        |       |       |    70 ||    70
Throw: Tomahawk          |     2 |       |       ||     2
 Cast: Magic Dart        |    45 |    59 |    56 ||   160
       Mephitic Cloud    |     1 |     8 |     2 ||    11
       Conjure Flame     |       |       |     5 ||     5
       Blink             |       |       |     2 ||     2
  Use: Scroll            |       |     3 |       ||     3
 Stab: Confused          |       |     7 |       ||     7
  Eat: Chunk             |       |     1 |     4 ||     5
Armor: Robe              |     3 |     1 |       ||     4
       Leather armour    |       |    11 |    45 ||    56
Dodge: Dodged            |    12 |    23 |    56 ||    91
       Rpst.: Long sword |       |       |    13 ||    13
